AoeStats
← oldnoob2024

Arabia

510012012Analyzed
4v4 RM · 5d ago on Sep 29, 2026· 53m 19s· 8 players
Game mode
Random Map
Map size
Large (8 player)
Population
200
Speed
Normal
Resources
Standard
Victory
Conquest
Starting age
Dark Age
Ending age
Imperial Age
RankedLock teamsTeams togetherTeam positionsShared explorationLock speedFull tech treeHidden civsTurbo modeCheats
Victory
Defeat
🇲🇽 Maya · Mexico
1539
+10
🇲🇽 Magyars · Mexico
1426
+14
🇲🇽 Franks · Mexico
1295
+19
🇲🇽 Ethiopians · Mexico
1279
+20
🇨🇴 Maya · Colombia
1426
-18
🇨🇴 Khmer · Colombia
1381
-16
🇦🇷 Poles · Argentina
1370
-15
🇲🇽 Shu · Mexico
1328
-14
oldnoob2024
6:57 Loom
9:32 Feudal Age
10:51 Double-Bit Axe
12:44 Fletching
13:28 Padded Archer Armor
20:04 Gold Mining
20:34 Town Watch
24:32 Castle Age
22:32 Horse Collar
25:41 Wheelbarrow
25:01 Crossbowman
25:37 Bodkin Arrow
25:59 Leather Archer Armor
26:52 Heavy Plow
28:16 Bow Saw
29:56 Thumb Ring
33:32 Ballistics
46:36 Imperial Age
44:46 Forging
44:37 Scale Mail Armor
44:45 Squires
47:12 Hand Cart
47:50 Gold Shaft Mining
47:28 Bracer
47:44 Chain Mail Armor
46:52 Arbalester
47:54 Conscription
49:04 Murder Holes
kanservero1302
6:16 Loom
6:24 Loom
9:36 Feudal Age
10:35 Double-Bit Axe
10:54 Horse Collar
15:35 Scale Barding Armor
15:41 Forging
22:52 Wheelbarrow
25:14 Castle Age
23:36 Gold Mining
24:03 Bloodlines
27:09 Chain Barding Armor
26:54 Husbandry
28:06 Wheelbarrow
28:02 Stone Mining
29:11 Town Watch
31:30 Fletching
40:51 Imperial Age
38:48 Bow Saw
39:06 Tusk Swords
39:57 Hand Cart
42:50 Plate Barding Armor
42:52 Iron Casting
嚴肅學習
5:40 Loom
8:43 Feudal Age
9:31 Double-Bit Axe
9:28 Horse Collar
12:10 Scale Barding Armor
18:31 Forging
23:03 Bloodlines
25:42 Castle Age
26:24 Bloodlines
26:25 Fletching
26:35 Padded Archer Armor
26:59 Chain Barding Armor
27:14 Iron Casting
26:13 Light Cavalry
27:38 Bow Saw
27:43 Husbandry
31:16 Heavy Plow
35:13 Wheelbarrow
38:21 Imperial Age
36:28 Gold Mining
36:55 Hand Cart
39:20 Coinage
40:05 Blast Furnace
38:53 Town Watch
38:31 Cavalier
40:18 Szlachta Privileges
40:48 Town Patrol
40:44 Stone Mining
Radamanthyssama
0:28 Loom
10:05 Feudal Age
10:56 Double-Bit Axe
15:22 Gold Mining
17:42 Fletching
17:53 Padded Archer Armor
28:01 Castle Age
34:26 Wheelbarrow
34:42 Crossbowman
42:06 Bodkin Arrow
42:26 Leather Archer Armor
Twitch.tv/WES_XL
6:14 Loom
9:03 Feudal Age
11:28 Double-Bit Axe
15:15 Scale Mail Armor
15:23 Scale Barding Armor
18:01 Wheelbarrow
21:54 Castle Age
20:38 Forging
20:42 Gold Mining
23:07 Chain Barding Armor
23:02 Bow Saw
28:38 Iron Casting
32:56 Husbandry
37:30 Imperial Age
35:22 Hand Cart
38:56 Plate Barding Armor
38:35 Cavalier
39:26 Town Watch
41:52 Blast Furnace
41:03 Paladin
42:46 Stone Mining
43:34 Gold Shaft Mining
50:31 Murder Holes
50:38 Fletching
52:11 Conscription
Vmmp11
0:30 Loom
9:08 Feudal Age
9:40 Double-Bit Axe
13:11 Fletching
22:00 Castle Age
19:59 Horse Collar
20:49 Gold Mining
21:00 Padded Archer Armor
22:08 Crossbowman
22:44 Bodkin Arrow
23:13 Bow Saw
25:08 Ballistics
26:10 Wheelbarrow
29:58 Thumb Ring
36:23 Imperial Age
33:39 Town Watch
34:14 Forging
34:11 Heavy Plow
34:26 Stone Mining
35:54 Scale Mail Armor
35:54 Pikeman
36:35 Squires
37:12 Iron Casting
36:52 Chain Mail Armor
36:26 Arbalester
37:08 Bracer
37:33 Conscription
38:16 Chemistry
36:45 Capped Ram
38:09 Chain Mail Armor
39:37 Siege Ram
39:43 Halberdier
41:49 Plate Mail Armor
41:55 Iron Casting
44:25 Arson
44:01 Eagle Warrior
45:42 Blast Furnace
45:55 Elite Eagle Warrior
47:07 Holcans
46:37 Hul'che Javelineers
46:54 Leather Archer Armor
49:34 Ring Archer Armor
48:48 Treadmill Crane
49:18 Masonry
49:04 Murder Holes
53:53 Architecture
PROFE SIN CLAN
0:26 Loom
7:35 Loom
10:21 Feudal Age
11:12 Double-Bit Axe
14:08 Stone Mining
14:36 Fletching
18:43 Padded Archer Armor
27:05 Castle Age
26:53 Gold Mining
27:48 Bodkin Arrow
27:18 Crossbowman
44:51 Horse Collar
47:28 Thumb Ring
51:59 Imperial Age
50:59 Bow Saw
54:52 Two-Man Saw
Rosse SinClan
6:32 Loom
8:45 Feudal Age
9:10 Double-Bit Axe
14:28 Scale Barding Armor
22:13 Castle Age
21:16 Bloodlines
22:43 Light Cavalry
23:51 Gold Mining
25:24 Husbandry
29:48 Light Cavalry
31:13 Horse Collar
33:48 Bow Saw
34:59 Chain Barding Armor
40:26 Wheelbarrow
45:45 Imperial Age
44:01 Herbal Medicine
46:24 Hand Cart
46:56 Gold Shaft Mining
45:57 Light Cavalry
46:00 Cavalier
48:45 Plate Barding Armor
Connection lost

Rejoining the realm…

Still unreachable

The connection could not be restored.

Session expired

The server has moved on; the page needs a fresh start.